 Dungeon Crawl Stone Soup version 0.29-a0-598-gd8304a5bf4 (webtiles) character file.

Game seed: 16823979960144725858

30 testman the Shield-Bearer (level 3, -2/33 HPs)
             Began as a Meteoran Fighter on June 15, 2022.
             Was a Follower of Uskayaw.
             Slain by a gnoll
             ... wielding a +0 halberd
              (13 damage)
             ... on level 3 of the Dungeon.
             The game lasted 00:02:23 (383 turns).

testman the Shield-Bearer (Meteoran Fighter)         Turns: 383, Time: 00:02:24

Health: -2/33      AC:  7    Str: 19    XL:     3   Next: 55%
Magic:  4/4        EV:  9    Int:  9    God:    Uskayaw [*.....]
Gold:   108        SH:  5    Dex: 14    Spells: 2/2 levels left

rFire   . . .      SeeInvis .   a - +0 war axe
rCold   . . .      Faith    .   c - +0 buckler
rNeg    . . .      Spirit   .   b - +0 scale mail
rPois   .          Reflect  .   (no helmet)
rElec   .          Harm     .   (no cloak)
rCorr   .          Rampage  .   (no gloves)
Will    .....                   (no boots)
Stlth   ..........              (no amulet)
HPRegen 0.11/turn               (no ring)
MPRegen 0.09/turn               (no ring)

@: glowing
A: sense surroundings 1, otherworldly, glowing, explore regen
a: Renounce Religion, Stomp


You were on level 3 of the Dungeon.
You worshipped Uskayaw.
Uskayaw was noncommittal.
You visited 1 branch of the dungeon, and saw 3 of its levels.

You collected 108 gold pieces.

Inventory:

Hand Weapons
 a - a +0 war axe (weapon)
Missiles
 h - 2 javelins (quivered)
 i - 5 boomerangs
Armour
 b - a +0 scale mail (worn)
 c - a +0 buckler (worn)
Scrolls
 e - a scroll of magic mapping {unknown}
 f - a scroll of vulnerability {unknown}
 g - 2 scrolls of teleportation {unknown}
 k - a scroll of fear {unknown}
 m - a scroll of identify {unknown}
Potions
 d - a potion of might
 j - a potion of attraction {unknown}
 l - a potion of mutation {unknown}
 n - a potion of heal wounds {unknown}
 o - a potion of degeneration {unknown}


   Skills:
 + Level 3.7 Fighting
 + Level 3.0 Axes
 - Level 4.0 Armour
 - Level 4.0 Shields


You had 2 spell levels left.
You didn't know any spells.
Your spell library contained the following spells:

 Spells                   Type           Power      Damage    Failure   Level
 Gell's Gravitas          Tloc           0%         N/A       99%         3
 Teleport Other           Tloc           0%         N/A       99%         3
 Dispersal                Tloc           0%         N/A       100%        6


Dungeon Overview and Level Annotations

Branches:
Dungeon (3/15) Zot: 1390

Altars:
Uskayaw


Innate Abilities, Weirdness & Mutations

You passively map a small area around you.
You are easily found by Zot.
You glow in the dark.
You regain HP and MP as you explore.


Message History

Things that are here:
a +0 club; a kobold corpse HP restored.
Found a dagger. 2 gnolls come into view.
The gnoll shouts! x2
The gnoll moves out of view.
A gnoll comes into view. It is wielding a +0 halberd.
The gnoll shouts!
You hear a shout!
A giant cockroach comes into view.
A hobgoblin comes into view.
A gnoll comes into view. It is wielding a +0 whip.
Found 7 gold pieces.
The hobgoblin shouts!
The gnoll throws a throwing net.
The throwing net hits you.
You become entangled in the net!
You see here a throwing net.
You are held in a net!
You are held in a net!
You are held in a net!
You are held in a net!
You are held in a net!
You are held in a net!
You are held in a net!
You are held in a net!
You are held in a net!
You are held in a net!
You struggle against the net.
The gnoll hits you with a +0 flail.
A rat comes into view.
You struggle against the net.
The gnoll hits you with a +0 flail. The gnoll hits you with a +0 club.
You struggle against the net.
The gnoll hits you but does no damage. The gnoll hits you with a +0 flail.
The gnoll hits you with a +0 club.
A hobgoblin comes into view.
You rip the net and break free!
The gnoll barely misses you. The gnoll hits you with a +0 flail.
The gnoll closely misses you.
You slash the gnoll!
The gnoll is heavily wounded.
You slash the gnoll!
The gnoll hits you from afar with a +0 halberd!
You die...

#..## * ##..### *
* ##...# * * ,
###)### **,
##...#####.# ,
*####..........# ,
,
####....###..#####
* #....####
##<..#* , , *
#@#### ###....


...ggggg# ##.. ...rg#### . , .$.. ,* * * ... * .. * , . , , * * , You could see
4 gnolls, 2 hobgoblins and a rat.

Vanquished Creatures
  2 dart slugs (D:1)
  3 endoplasms
  A hobgoblin (D:1)
  2 jackals (D:2)
  A quokka (D:1)
  3 ball pythons
  2 bats
  2 goblins (D:1)
  5 kobolds
  2 rats (D:1)
23 creatures vanquished.

Vanquished Creatures (others)
  A plant (D:1)
1 creature vanquished.

Grand Total: 24 creatures vanquished

Notes
Turn   | Place    | Note
-------+----------+-------------------------------------------
     0 | D:1      | testman the Meteoran Fighter began the quest for the Orb.
     0 | D:1      | Reached XP level 1. HP: 19/19 MP: 2/2
    84 | D:1      | Reached XP level 2. HP: 12/26 MP: 3/3
   225 | D:1      | Found a faded altar of an unknown god.
   229 | D:1      | Prayed at the altar of an unknown god.
   229 | D:1      | Became a worshipper of Uskayaw the Reveller
   229 | D:1      | Reached * piety under Uskayaw
   237 | D:1      | Reached XP level 3. HP: 29/31 MP: 4/4
   238 | D:1      | Reached ** piety under Uskayaw
   383 | D:3      | Slain by a gnoll

Illustrated notes

Levels and vault maps discovered:
D:1:      dpeg_arrival_line_fractal, layout_basic,
          shapermc_ecumenical_altar_mp_ritualfount
D:2:      layout_basic, basic_altar
D:3:      layout_rooms, fedhas_altar_4, nicolae_gozag_seed_capital,
          serial_shops, shop_statue, nicolae_shop_stone, shop, shop

Skill      XL: |  1  2  3 |
---------------+----------+-----
Armour         | 4 |  4.0
Shields        | 4 |  4.0
Axes           | 3 |  3.0
Fighting       | |  3.7

Action                   || total
-------------------------++-------
Melee: War axe           ||    62
Armor: Scale mail        ||    29
Dodge: Dodged            ||    22
Block: Buckler           ||    14

Table legend: (Time is in decaauts)
 A = Elapsed time spent in this place.
 B = Non-inter-level travel time spent in this place.
 C = Inter-level travel time spent in this place.
 D = Time resting spent in this place.
 E = Time spent auto-exploring this place.
 F = Levels seen in this place.
 G = Mean time per level.
                   A        B        C        D        E       F      G
               +--------+--------+--------+--------+--------+-----+--------+
         Total |    407 |    407 |      0 |      0 |    126 |   3 |  135.7 |
       Dungeon |    407 |    407 |      0 |      0 |    126 |   3 |  135.7 |
               +--------+--------+--------+--------+--------+-----+--------+

Top non-repeatable levels by time:
     D:1: 288 daAuts
     D:2: 82 daAuts
     D:3: 36 daAuts
